 Dungeon Crawl Stone Soup version 0.28.0-53-g5a82cb258f (webtiles) character file.

Game seed: 1837618900422760975

60 styxcanada the Sneak (level 3, -3/18 HPs)
             Began as a Spriggan Brigand on Aug 6, 2022.
             Killed from afar by Natasha (6 damage)
             ... with a magic dart
             ... on level 2 of the Dungeon.
             The game lasted 00:04:56 (2184 turns).

styxcanada the Sneak (Spriggan Brigand)             Turns: 2184, Time: 00:04:56

Health: -3/18      AC:  3    Str:  7    XL:     3   Next: 82%
Magic:  4/4        EV: 17    Int: 12    God:
Gold:   99         SH:  0    Dex: 18    Spells: 2/2 levels left

rFire   . . .      SeeInvis +   a - +2 dagger
rCold   . . .      Faith    .   (no shield)
rNeg    . . .      Spirit   .   b - +0 robe
rPois   .          Reflect  .   (helmet restricted)
rElec   .          Harm     .   c - +0 cloak
rCorr   .          Rampage  .   (gloves unavailable)
Will    .....                   (boots unavailable)
Stlth   ++++......              (no amulet)
HPRegen 0.06/turn               (no ring)
MPRegen 0.09/turn               (no ring)

@: very quick
A: very small, no large weapons, unfitting armour, see invisible, speed 3
a: no special abilities


You were on level 2 of the Dungeon.
You visited 1 branch of the dungeon, and saw 2 of its levels.

You collected 99 gold pieces.

Inventory:

Hand Weapons
 a - a +2 dagger (weapon)
Missiles
 d - 5 poisoned darts (quivered)
 e - 2 curare-tipped darts
Armour
 b - a +0 robe (worn)
 c - a +0 cloak (worn)
Wands
 i - a wand of mindburst (14)
Scrolls
 f - a scroll of torment {unknown}
 h - a scroll of fog {unknown}
Potions
 g - 2 potions of berserk rage {unknown}


   Skills:
 * Level 2.0 Fighting
 + Level 2.5 Short Blades
 + Level 2.0 Throwing
 * Level 2.1 Dodging
 * Level 7.3 Stealth


You had 2 spell levels left.
You didn't know any spells.
Your spell library was empty.

Dungeon Overview and Level Annotations

Branches:
Dungeon (2/15)

Altars:

Annotations:
D:2 Natasha


Innate Abilities, Weirdness & Mutations

You are very small and have problems with some larger weapons.
You are too small for most types of armour.
You have supernaturally acute eyesight. (SInv)
You cover ground extremely quickly. (Speed+++)


Message History

The bat is moderately wounded.
The bat barely misses you. The bat closely misses you.
The bat closely misses you.
The hobgoblin throws a poisoned dart.
The poisoned dart hits you!
You are poisoned.
You feel sick.
You feel sick.
You feel sick.
You hit the bat.
The bat is heavily wounded.
You feel sick. The bat closely misses you.
Found 15 bolts.
You feel sick.
You feel sick. The bat closely misses you.
Natasha casts a spell.
You feel sick. The bat closely misses you.
A rat comes into view.
You feel sick.
You feel sick.
You are no longer poisoned.
Aiming: Mindburst
Press: ? - help, Shift-Dir - straight line, f - adder
Aim: an adder (chance to affect: 72%)
The adder's mind is blasted!!
You blow up the adder!
Your Fighting skill increases to level 2!
You barely miss the bat.
The bat is moderately wounded.
The bat hits you but does no damage.
You miss the bat.
The bat is moderately wounded.
The bat hits you but does no damage. The bat closely misses you.
The bat completely misses you.
You closely miss the bat. The bat closely misses you.
The bat hits you but does no damage.
You hit the bat.
The bat is moderately wounded.
The bat completely misses you.
Natasha stares at you and mumbles some strange words.
The magic dart hits you.
You die...

...?...#g..#.....[.
......##...#.......
......##...#.......
......####h#.......
......# #.#.......
...# #g........
###..# #..####.##
#b#..# #.......#
#@#..####.####..#.
#....h.....# #....
####..###..# #..#.
##.# #..# #..#. .r#
#.......# ....
#S####... .....##.#
#... ......##(#
##### .......##.#


You could see Natasha and a bat.

Vanquished Creatures
  Natasha (D:2)
  An adder (D:2)
  A worm (D:2)
  3 ball pythons (D:1)
  4 endoplasms
  2 giant cockroaches
  A hobgoblin (D:2)
  3 kobolds
  A quokka (D:1)
  3 bats
  2 frilled lizards (D:2)
  2 goblins
24 creatures vanquished.

Notes
Turn   | Place    | Note
-------+----------+-------------------------------------------
     0 | D:1      | styxcanada the Spriggan Brigand began the quest for the
                  | Orb.
     0 | D:1      | Reached XP level 1. HP: 10/10 MP: 2/2
   141 | D:1      | Reached skill level 6 in Stealth
   269 | D:1      | Found a faded altar of an unknown god.
   745 | D:1      | Reached XP level 2. HP: 13/14 MP: 3/3
  1606 | D:2      | Noticed Natasha
  1639 | D:2      | Killed Natasha
  1640 | D:2      | Reached skill level 7 in Stealth
  1640 | D:2      | Reached XP level 3. HP: 5/18 MP: 4/4
  2152 | D:2      | Noticed Natasha
  2184 | D:2      | Killed from afar by Natasha

Illustrated notes

Levels and vault maps discovered:
D:1:      shiori_arrival_elements, layout_loops_corners, basic_ecumenical_altar,
          nrook_loot_triangle
D:2:      layout_basic, st_stairs_3, minmay_pentomino_z4, uniq_natasha

Skill      XL: |  1  2  3 |
---------------+----------+-----
Stealth        | 6 7 |  7.3
Dodging        | 2 |  2.1
Fighting       | 2 |  2.0
Short Blades   | |  2.5
Throwing       | |  2.0

Action                   || total
-------------------------++-------
Melee: Dagger            ||    81
Throw: Dart              ||    19
Evoke: Wand              ||     1
 Stab: Sleeping          ||     6
Armor: Robe              ||     8
Dodge: Dodged            ||    51
